 Dungeon Sprint DCSS version 0.18-a0-1788-g92de1ac (webtiles) character file.

5968 Kidiri the Covert (level 10, -2/51 HPs)
             Began as a Spriggan Enchanter on Apr 19, 2016.
             Was a High Priest of Dithmenos.
             Shot with a bolt by an orc knight (38 damage)
             ... in the Dungeon (Sprint V: "Ziggurat Sprint").
             The game lasted 00:18:24 (812 turns).

Kidiri the Covert (Spriggan Enchanter)               Turns: 812, Time: 00:18:25

Health: -2/51      AC:  4    Str:  8    XL:     10   Next: 55%
Magic:  18/26      EV: 33    Int: 26    God:    Dithmenos [*****.]
Gold:   0          SH:  8    Dex: 23    Spells: 8 memorised, 2 levels left

rFire  . . .     SeeInvis +     I - +5 quick blade (vamp)
rCold  . . .     Gourm    .     b - +1 robe
rNeg   . . .     Faith    .     K - +0 buckler of Beogh's Generosity {rElec Str+4}
rPois  .         Spirit   .     (helmet restricted)
rElec  +         Dismiss  .     a - +0 cloak {MR+}
rCorr  .         Reflect  .     (gloves unavailable)
SustAt .         Harm     .     (boots unavailable)
MR     ++...     NoTele   +     D - amulet of magic regeneration
Stlth  ++++++++++               q - +6 ring of intelligence
                                o - +6 ring of dexterity

@: very slightly contaminated, wreathed by umbra, very quick, very resistant to
hostile enchantments, uncannily stealthy
A: unfitting armour, see invisible, herbivore 3, speed 3, slow metabolism 2
a: Shadow Step, Shadow Form, Renounce Religion


You were in the Dungeon.
You worshipped Dithmenos.
Dithmenos was extremely pleased with you.
You were not hungry.

You visited 1 branch

Inventory:

Hand Weapons
 I - a +5 vampiric quick blade (weapon)
 S - a cursed -3 short sword
Armour
 a - a +0 cloak of magic resistance (worn)
 b - a +1 robe (worn)
 G - a +3 buckler
 H - a +5 gold dragon armour
 K - the +0 buckler of Beogh's Generosity (worn) {rElec Str+4}
   (You found it in the Dungeon)

   It affects your strength (+4).
   It insulates you from electricity.
 R - a +0 robe of magic resistance
Jewellery
 c - an uncursed ring of stealth
 o - a +6 ring of dexterity (left hand)
 p - a +6 ring of dexterity
 q - a +6 ring of intelligence (right hand)
 r - a +6 ring of intelligence
 D - an amulet of magic regeneration (around neck)
 N - the cursed ring of Orecim {rC+ Dex+9 Slay-3 Stlth+}
   (You found it in the Dungeon)

   [ring of slaying]

   It affects your dexterity (+9).
   It affects your accuracy and damage with ranged weapons and melee attacks
   (-3).
   It protects you from cold.
   It makes you more stealthy.
   It has a curse placed upon it.
 Q - the ring of Odghicw {Str+3 Stlth-}
   (You found it in the Dungeon)

   [ring of loudness]

   It affects your strength (+3).
   It makes you less stealthy.
Wands
 k - a wand of disintegration (4/24)
 l - a wand of iceblast (1/15)
 m - a wand of lightning (4/15)
 n - a wand of acid (5/15)
 L - a wand of flame (6/48)
 O - a wand of teleportation (3/9)
Scrolls
 j - a scroll of blinking
 t - 4 scrolls of amnesia
 u - 2 scrolls of recharging
 v - 7 scrolls of fog
 w - a scroll of holy word
 x - 5 scrolls of identify
 y - 4 scrolls of remove curse
 z - 2 scrolls of fear
Potions
 e - 10 potions of curing
 f - 8 potions of heal wounds
 g - 5 potions of haste
 h - 7 potions of magic
 i - 3 potions of berserk rage
 A - 3 potions of brilliance
 B - 2 potions of invisibility
 C - 4 potions of resistance
 E - 7 potions of agility
 F - 5 potions of might
 P - 2 potions of mutation {unknown}
Books
 J - the Tome of Feathers
   (You found it in the Dungeon)

   Spells                             Type                      Level
   a - Static Discharge               Conjuration/Air              3
   b - Silence                        Hexes/Air                    5
   c - Deflect Missiles               Charms/Air                   6
   d - Poisonous Cloud                Conjuration/Poison/Air       6
 M - a book of Burglary

   Spells                             Type                      Level
   a - Swiftness                      Charms/Air                   2
   b - Passwall                       Transmutation/Earth          2
   c - Passage of Golubria            Translocation                4
   d - Lee's Rapid Deconstruction     Earth                        5
   e - Darkness                       Hexes                        6
   f - Invisibility                   Hexes                        6
Comestibles
 d - 5 bread rations
 s - 42 fruits


   Skills:
 + Level 5.2 Fighting
 * Level 10.3 Short Blades
 + Level 5.1 Armour
 * Level 13.3 Dodging
 * Level 14.4 Stealth
 + Level 4.9 Shields
 * Level 11.6 Spellcasting
 + Level 4.1 Conjurations
 + Level 8.7 Hexes
 + Level 5.6 Charms
 + Level 4.8 Ice Magic
 * Level 4.0 Air Magic
 + Level 1.4 Poison Magic
 - Level 4.9 Invocations


You had 2 spell levels left.
You knew the following spells:

 Your Spells              Type           Power        Failure   Level  Hunger
a - Corona                Hex            ######.      1%          1    None
b - Ensorcelled Hibernat  Hex/Ice        ######       1%          2    None
c - Confuse               Hex            ######..     1%          3    None
d - Tukima's Dance        Hex            ######..     1%          3    None
e - Dazzling Spray        Conj/Hex       #####...     1%          3    None
f - Darkness              Hex            ######....   21%         6    #####..
g - Deflect Missiles      Chrm/Air       #####.....   89%         6    #####..
h - Poisonous Cloud       Conj/Pois/Air  ####......   99%         6    #####..


Dungeon Overview and Level Annotations

Branches:
Dungeon (1/1)

Altars:
Ashenzari
Cheibriados
Dithmenos
Elyvilon
Fedhas
Gozag
Kikubaaqudgha
Makhleb
Nemelex Xobeh
Okawaru
Pakellas
Qazlal
Ru
Sif Muna
Trog
Vehumet
Xom
Yredelemnul
Zin
The Shining One
Beogh
Jiyva
Lugonu


Innate Abilities, Weirdness & Mutations

You are tiny and cannot use many weapons and most armour.
You have supernaturally acute eyesight.
You are a herbivore.
You cover ground extremely quickly.
You need consume almost no food.


Message History

Read which item? (? for menu, Esc to quit)
Blink to where?
Press: ? - help, Dir - move target cursor, p - great orb of eyes You are very lightly contaminated with residual magic.
As you read the scroll of blinking, it crumbles to dust.
Casting: Dazzling Spray
Confirm with . or Enter, or press ? or * to list all spells.
Aiming: Dazzling Spray
Press: ? - help, Shift-Dir - straight line, f - freezing wraith
Aim: a freezing wraith (black smoke, umbra)
The spray of energy hits the freezing wraith.
The freezing wraith is moderately damaged.
The spray of energy hits the orc knight.
Your shadow mimicks your spell!
The shadow shard hits the freezing wraith.
The orc knight unwields an uncursed war axe.
The orc knight wields an arbalest.
The orc knight shoots a bolt.
The bolt hits you!!!
Ouch! That really hurt!
You die...

▓..§8§8...▓.)8©8..▓
▓..§§§p:..▓..)=)..▓
▓..§§Gp§..▓....)..▓
▓..ooW§§..▓.......▓
▓..§§.....▓.......▓
▓.........▓.......▓
▓.........▓.......▓
▓.▓.....▓.▓.......▓
▓....@....▓.......▓
▓▓▓▓▓▓▓▓▓▓▓▓▓▓▓▓▓▓▓


You could see a vault guard, 2 orc knights, a great orb of eyes and a freezing
wraith.

Vanquished Creatures
  4 toenail golems (D)
  5 draconians (D)
  A jumping spider (D)
  2 merfolk (D)
  A boulder beetle (D)
  A dancing weapon (D)
  Sigmund (D)
  3 hippogriffs (D)
  Duvessa (D)
  3 nagas (D)
  Edmund (D)
  4 water moccasins (D)
  A black bear (shapeshifter) (D)
  A centaur (D)
  Blork the orc (D)
  Dowan (D)
  2 scorpions (D)
  Crazy Yiuf (D)
  Jessica (D)
  2 adders (D)
  A white imp (D)
  An ufetubus (D)
  A ball python (D)
40 creatures vanquished.

Vanquished Creatures (others)
  Menkaure (D)
  Purgy (D)
2 creatures vanquished.

Grand Total: 42 creatures vanquished

Notes
Turn   | Place    | Note
--------------------------------------------------------------
     0 | D        | Kidiri the Spriggan Enchanter began the quest for the Orb.
     0 | D        | Reached XP level 1. HP: 9/9 MP: 5/5
     0 | D        | Found a viscous altar of Jiyva.
     0 | D        | Found a roughly hewn altar of Beogh.
     0 | D        | Found a corrupted altar of Lugonu.
     0 | D        | Found a white marble altar of Elyvilon.
     0 | D        | Found a sparkling altar of Nemelex Xobeh.
     3 | D        | Killed Menkaure
     5 | D        | Became a worshipper of Dithmenos the Shadowed
     6 | D        | Killed Purgy
     9 | D        | Found a deep blue altar of Sif Muna.
     9 | D        | Found a burning altar of Makhleb.
     9 | D        | Found a bloodstained altar of Trog.
     9 | D        | Found an iron altar of Okawaru.
     9 | D        | Found a radiant altar of Vehumet.
    28 | D        | Found a shimmering altar of Xom.
    59 | D        | Reached skill level 1 in Fighting
    59 | D        | Reached skill level 1 in Armour
    59 | D        | Reached skill level 5 in Dodging
    59 | D        | Reached skill level 6 in Stealth
    59 | D        | Reached skill level 1 in Shields
    59 | D        | Reached skill level 1 in Invocations
    59 | D        | Reached XP level 2. HP: 14/14 MP: 6/8
    63 | D        | Learned a level 2 spell: Ensorcelled Hibernation
    78 | D        | Entered arena 1.
    87 | D        | Entered arena 2.
    87 | D        | Noticed a scorpion
    87 | D        | Noticed a scorpion
    87 | D        | Noticed a jumping spider
    92 | D        | Killed a jumping spider
    92 | D        | Reached * piety under Dithmenos
    92 | D        | Reached skill level 5 in Short Blades
    92 | D        | Reached skill level 9 in Stealth
    92 | D        | Reached skill level 5 in Hexes
    92 | D        | Reached skill level 1 in Ice Magic
    92 | D        | Reached XP level 3. HP: 19/19 MP: 8/11
    92 | D        | Reached XP level 4. HP: 23/23 MP: 9/13
    92 | D        | Reached XP level 5. HP: 27/27 MP: 9/14
    93 | D        | Reached XP level 6. HP: 32/32 MP: 9/16
   107 | D        | Learned a level 3 spell: Confuse
   111 | D        | Learned a level 3 spell: Tukima's Dance
   115 | D        | Learned a level 3 spell: Dazzling Spray
   122 | D        | Learned a level 6 spell: Darkness
   188 | D        | Entered arena 3.
   188 | D        | Noticed a toenail golem
   188 | D        | Noticed a toenail golem
   188 | D        | Noticed a toenail golem
   188 | D        | Noticed a toenail golem
   210 | D        | Killed a toenail golem
   210 | D        | Reached skill level 10 in Stealth
   210 | D        | Reached skill level 1 in Conjurations
   210 | D        | Reached XP level 7. HP: 34/36 MP: 10/19
   228 | D        | Killed a toenail golem
   228 | D        | Reached skill level 10 in Dodging
   228 | D        | Reached skill level 11 in Stealth
   228 | D        | Reached XP level 8. HP: 40/40 MP: 16/21
   239 | D        | Killed a toenail golem
   241 | D        | Killed a toenail golem
   241 | D        | Reached skill level 12 in Stealth
   247 | D        | Identified the Tome of Feathers (You found it in the Dungeon)
   247 | D        | Identified the Tome of Feathers (You found it in the Dungeon)
   325 | D        | Learned a level 6 spell: Deflect Missiles
   325 | D        | Entered arena 4.
   327 | D        | Reached ** piety under Dithmenos
   334 | D        | Reached skill level 1 in Charms
   338 | D        | Reached XP level 9. HP: 45/45 MP: 5/23
   387 | D        | Entered arena 5.
   387 | D        | Noticed a draconian
   387 | D        | Noticed a draconian
   387 | D        | Noticed a draconian
   387 | D        | Noticed a draconian
   387 | D        | Noticed a draconian
   392 | D        | Killed a draconian
   392 | D        | Reached *** piety under Dithmenos
   392 | D        | Reached skill level 10 in Spellcasting
   392 | D        | Reached skill level 1 in Air Magic
   393 | D        | Killed a draconian
   393 | D        | Reached skill level 13 in Stealth
   394 | D        | Killed a draconian
   395 | D        | Killed a draconian
   396 | D        | Killed a draconian
   396 | D        | Reached **** piety under Dithmenos
   461 | D        | Entered arena 6.
   461 | D        | Noticed a merfolk
   461 | D        | Noticed a merfolk
   476 | D        | Reached XP level 10. HP: 51/51 MP: 8/25
   492 | D        | Reached skill level 14 in Stealth
   492 | D        | Reached skill level 5 in Charms
   515 | D        | Reached ***** piety under Dithmenos
   515 | D        | Reached skill level 5 in Fighting
   515 | D        | Reached skill level 10 in Short Blades
   612 | D        | Learned a level 6 spell: Poisonous Cloud
   612 | D        | Entered arena 7.
   619 | D        | Reached skill level 5 in Armour
   632 | D        | Got the cursed +0 buckler of Beogh's Generosity {rElec Str+4}
   684 | D        | Entered arena 8.
   684 | D        | Noticed Sigmund
   684 | D        | Noticed Jessica
   684 | D        | Noticed Blork the orc
   684 | D        | Noticed Crazy Yiuf
   684 | D        | Noticed Dowan
   684 | D        | Noticed Duvessa
   684 | D        | Noticed Edmund
   688 | D        | Killed Sigmund
   688 | D        | Reached skill level 1 in Poison Magic
   689 | D        | Killed Jessica
   694 | D        | Killed Duvessa
   698 | D        | Killed Crazy Yiuf
   698 | D        | Killed Dowan
   700 | D        | Killed Edmund
   701 | D        | Killed Blork the orc
   703 | D        | Got the cursed ring of Orecim {rC+ Dex+9 Slay-3 Stlth+}
   706 | D        | Got the ring of Odghicw {Str+3 Stlth-}
   805 | D        | Entered arena 9.
   805 | D        | Noticed an orc knight
   805 | D        | Noticed a great orb of eyes
   805 | D        | Noticed a vault guard
   805 | D        | Noticed a vault guard
   805 | D        | Noticed an orc knight
   812 | D        | Shot with a bolt by an orc knight

Vault maps used:
D:        sprint_v

Skill      XL: |  1  2  3  4  5  6  7  8  9 10 |
---------------+-------------------------------+-----
Fighting       | 1 2 3 4 5 |  5.2
Short Blades   | 3 5 6 7 8 9 10 | 10.3
Armour         | 1 2 3 4 5 |  5.1
Dodging        | 5 7 9 10 11 12 13 | 13.3
Stealth        | 6 9 10 11 12 13 14 | 14.4
Shields        | 1 2 3 4 |  4.9
Spellcasting   | 4 6 7 8 9 10 11 | 11.6
Hexes          | 4 5 6 7 8 |  8.7
Invocations    | 1 2 3 4 |  4.9
Ice Magic      | 1 2 3 4 |  4.8
Conjurations   | 1 2 3 4 |  4.1
Charms         | 1 4 5 |  5.6
Air Magic      | 2 4 |  4.0
Poison Magic   | 1 |  1.4

Action                   |  1- 3 |  4- 6 |  7- 9 | 10-12 || total
-------------------------+-------+-------+-------+-------++-------
Melee: Quick blade       |     3 |     3 |     7 |    53 ||    66
 Cast: Dazzling Spray    |       |     3 |    10 |    13 ||    26
       Tukima's Dance    |       |       |     2 |       ||     2
       Ensorcelled Hiber |       |       |     1 |       ||     1
Invok: Shadow Step       |       |       |       |     3 ||     3
Evoke: Wand              |       |     6 |    10 |       ||    16
  Use: Potion            |     1 |     1 |     2 |       ||     4
       Scroll            |       |     2 |     1 |     3 ||     6
 Stab: Sleeping          |     3 |     2 |     5 |     6 ||    16
       Invisible         |       |       |       |     5 ||     5
       Distracted        |       |       |       |     1 ||     1
Armor: Robe              |       |     2 |       |       ||     2
Dodge: Dodged            |       |    11 |    21 |    27 ||    59
Block: Buckler           |       |     5 |    11 |     8 ||    24
